 Dungeon Crawl Stone Soup version 0.31-a0-180-g519b7de00c (webtiles) character file.

Game seed: 9522616370941984893

65 qw the Shooter (level 4, 0/39 HPs)
             Began as a Naga Hunter on June 19, 2023.
             Slain by a cerulean imp
             ... wielding a +2 spear
             ... summoned by Natasha
              (4 damage)
             ... on level 3 of the Dungeon.
             The game lasted 00:00:28 (896 turns).

qw the Shooter (Naga Hunter)                         Turns: 896, Time: 00:00:29

Health: 0/39       AC:  2    Str: 13    XL:     4   Next: 14%
Magic:  4/4        EV:  9    Int: 10    God:
Gold:   23         SH:  0    Dex: 16    Spells: 3/3 levels left

rFire   . . .        Y - +0 shortbow
rCold   . . .        (shield currently unavailable)
rNeg    . . .        c - +0 leather armour
rPois   +            (no helmet)
rElec   .            (no cloak)
rCorr   .            (no gloves)
SInv    +            (no barding)
Will    .....        (no amulet)
Stlth   ++           (no ring)
HPRegen 0.26/turn    (no ring)
MPRegen 0.09/turn

%: no passive effects
@: slowed, very slow
A: AC +1, large, see invisible, deformed body, poison resistance, slowness 2,
spit poison 1, naga tail 1
a: Spit Poison


You were on level 3 of the Dungeon.
You visited 1 branch of the dungeon, and saw 3 of its levels.

You collected 23 gold pieces.


Innate Abilities, Weirdness & Mutations

Your serpentine skin is tough. (AC +1)
You have supernaturally acute eyesight. (SInv)
Armour fits poorly on your strangely shaped body.
Your system is resistant to poisons. (rPois)
You cover ground very slowly.
You can spit poison.
You have a snake-like lower body.


   Skills:
 + Level 2.1 Fighting
 - Level 5.0 Ranged Weapons
 - Level 1.5 Dodging
 - Level 1.5 Stealth


You had 3 spell levels left.
You didn't know any spells.
Your spell library was empty.

Inventory:

Hand Weapons
 Y - a +0 shortbow (weapon)
Armour
 b - a +0 robe of positive energy
 c - a +0 leather armour (worn)
Potions
 a - a potion of degeneration {unknown}
 g - a potion of haste

Dungeon Overview and Level Annotations

Branches:
Dungeon (2/15)

Altars:
Ashenzari

Annotations:
D:3 Natasha


Message History

Aiming: Spit Poison (1% risk of failure)
Press: ? - help, Shift-Dir - straight line, f/p - Natasha You fail to use your ability.
Natasha casts a spell.
889 ||| Stepping ~*~*~tactically~*~*~ (outnumbered).
Natasha stares at you and mumbles some strange words.
You feel yourself slow down.
891 ||| Stepping ~*~*~tactically~*~*~ (outnumbered).
Natasha mumbles some strange words.
You shoot an arrow.
The arrow barely misses the cerulean imp.
The cerulean imp hits you with a +0 spear.
The cerulean imp hits you from afar with a +2 spear.
The cerulean imp hits you with a +0 spear.
You shoot an arrow. The arrow hits the cerulean imp.
The cerulean imp is lightly wounded.
The cerulean imp hits you from afar with a +2 spear.
The cerulean imp hits you with a +0 spear.
The cerulean imp barely misses you.
The cerulean imp hits you but does no damage.
You shoot an arrow.
The arrow closely misses the cerulean imp.
The arrow closely misses Natasha.
The cerulean imp hits you from afar with a +2 spear.
The cerulean imp barely misses you.
The cerulean imp hits you from afar with a +2 spear.
The cerulean imp barely misses you.
You shoot an arrow. The arrow hits the cerulean imp.
The cerulean imp is moderately wounded.
The cerulean imp hits you from afar with a +2 spear.
The cerulean imp closely misses you.
The cerulean imp hits you from afar with a +2 spear.
You shoot an arrow.
The arrow barely misses the cerulean imp.
The arrow barely misses Natasha.
The cerulean imp hits you with a +0 spear.
The cerulean imp closely misses you.
The cerulean imp hits you with a +0 spear.
The cerulean imp hits you from afar with a +2 spear.
You die...

#. ...## ....#
#.... #5#.# #
# #...#.#.###
#.#h#.....#
#.###55......#
#...@..#.....
######.# ...
#####.# .
#.....#
#.#####
#.#######
#:......######
#....##......#
#.##.##.####.#


You could see Natasha and 2 cerulean imps.

Vanquished Creatures
  An adder (D:2)
  A worm (D:2)
  2 dart slugs
  5 endoplasms (D:1)
  2 giant cockroaches (D:1)
  2 goblins (D:1)
  3 hobgoblins
  7 jackals
  2 kobolds (D:1)
  3 quokkas (D:1)
  3 ball pythons
  3 bats
  5 frilled lizards
  8 rats
47 creatures vanquished.

Notes
Turn   | Place    | Note
-------+----------+-------------------------------------------
     0 | D:1      | qw the Naga Hunter began the quest for the Orb.
     0 | D:1      | Reached XP level 1. HP: 19/19 MP: 1/1
     0 | D:1      | 0 ||| qw: Version: 0.3-a-7-ge0c9b40
     0 | D:1      | 0 ||| qw: Game counter: 996
     0 | D:1      | 0 ||| qw: Always use a shield: true
     0 | D:1      | 0 ||| qw: God list: Okawaru
     0 | D:1      | 0 ||| qw: Allow faded altars: false
     0 | D:1      | 0 ||| qw: Do Orc after D:15 true
     0 | D:1      | 0 ||| qw: Do second Lair branch before Depths: true
     0 | D:1      | 0 ||| qw: Lair rune preference: random
     0 | D:1      | 0 ||| qw: Plans: Normal
     0 | D:1      | 0 ||| PLANNING D:1-11
    30 | D:1      | 30 ||| INVOKING Spit Poison.
    40 | D:1      | 40 ||| INVOKING Spit Poison.
    53 | D:1      | 53 ||| INVOKING Spit Poison.
    69 | D:1      | Reached skill level 4 in Ranged Weapons
    69 | D:1      | Reached XP level 2. HP: 26/26 MP: 2/2
    91 | D:1      | 91 ||| INVOKING Spit Poison.
    96 | D:1      | 96 ||| INVOKING Spit Poison.
   105 | D:1      | 105 ||| INVOKING Spit Poison.
   108 | D:1      | 108 ||| INVOKING Spit Poison.
   116 | D:1      | 116 ||| INVOKING Spit Poison.
   175 | D:1      | 175 ||| INVOKING Spit Poison.
   179 | D:1      | 179 ||| INVOKING Spit Poison.
   199 | D:1      | 199 ||| INVOKING Spit Poison.
   248 | D:1      | 248 ||| INVOKING Spit Poison.
   255 | D:1      | 255 ||| INVOKING Spit Poison.
   256 | D:1      | 256 ||| INVOKING Spit Poison.
   288 | D:1      | 288 ||| INVOKING Spit Poison.
   290 | D:1      | Reached XP level 3. HP: 32/32 MP: 3/3
   294 | D:1      | 294 ||| INVOKING Spit Poison.
   366 | D:1      | 366 ||| INVOKING Spit Poison.
   368 | D:1      | 368 ||| INVOKING Spit Poison.
   419 | D:1      | 419 ||| INVOKING Spit Poison.
   479 | D:1      | 479 ||| INVOKING Spit Poison.
   508 | D:1      | 508 ||| INVOKING Spit Poison.
   600 | D:1      | 600 ||| READING scroll labelled APSACA SYVEVY.
   601 | D:1      | 601 ||| READING scroll labelled IRCHI JOXKISE.
   602 | D:1      | 602 ||| READING scroll labelled QOONIBUWNE.
   603 | D:1      | 603 ||| DRINKING 2 yellow potions.
   604 | D:1      | 604 ||| DROPPING scroll of butterflies.
   659 | D:2      | 659 ||| INVOKING Spit Poison.
   662 | D:2      | 662 ||| INVOKING Spit Poison.
   667 | D:2      | 667 ||| INVOKING Spit Poison.
   720 | D:2      | 720 ||| INVOKING Spit Poison.
   751 | D:2      | 751 ||| INVOKING Spit Poison.
   758 | D:2      | 758 ||| INVOKING Spit Poison.
   764 | D:2      | 764 ||| INVOKING Spit Poison.
   791 | D:2      | Found a broken altar of Ashenzari.
   795 | D:2      | Found Neather's Weapon Shoppe.
   811 | D:2      | 811 ||| INVOKING Spit Poison.
   818 | D:2      | 818 ||| INVOKING Spit Poison.
   827 | D:2      | 827 ||| INVOKING Spit Poison.
   830 | D:2      | Reached skill level 5 in Ranged Weapons
   830 | D:2      | Reached XP level 4. HP: 39/39 MP: 4/4
   850 | D:2      | 850 ||| INVOKING Spit Poison.
   851 | D:2      | You fall into a shaft and drop 1 floor!
   881 | D:3      | 881 ||| INVOKING Spit Poison.
   886 | D:3      | Noticed Natasha
   888 | D:3      | 888 ||| INVOKING Spit Poison.
   889 | D:3      | 889 ||| Stepping ~*~*~tactically~*~*~ (outnumbered).
   891 | D:3      | 891 ||| Stepping ~*~*~tactically~*~*~ (outnumbered).
   896 | D:3      | HP: 9/39 [cerulean imp/+0 spear[Natasha] (1)]
   896 | D:3      | HP: 4/39 [cerulean imp/+0 spear[Natasha] (5)]
   896 | D:3      | Slain by a cerulean imp

Levels and vault maps discovered:
D:1:      onia_arrival_mini_spirals, layout_loops_ring
D:2:      layout_basic, serial_shops, shop, basic_altar, st_stairs_9,
          chequers_serial_rivers_room_a
D:3:      layout_loops_cross, mainiacjoe_overflow_boulevard,
          hellmonk_ecumenical_altar_pennies_from_heaven, serial_park_tiny_1,
          uniq_natasha

Skill      XL: |  1  2  3 |
---------------+----------+-----
Ranged Weapons | 4 5 |  5.0
Fighting       | |  2.1
Dodging        | |  1.5
Stealth        | |  1.5

Action                     |  1- 3 |  4- 6 || total
---------------------------+-------+-------++-------
   Fire: Shortbow          |    80 |    10 ||    90
Ability: Spit Poison       |    29 |     2 ||    31
    Use: Scroll            |     3 |       ||     3
         Potion            |     1 |       ||     1
 Armour: Leather armour    |     7 |     3 ||    10
  Dodge: Dodged            |     9 |     6 ||    15

Table legend:
 A = Non-vault XP
 B = Vault XP
 C = Vault XP percentage of total XP
 D = Non-vault monster count
 E = Vault monster count
 F = Vault count percentage of total count
                 A         B        C        D         E       F
            +---------+---------+-------+---------+---------+-------
      Total |      87 |       7 |   7.4 |      44 |       3 |   6.4
            +---------+---------+-------+---------+---------+-------
        D:1 |      56 |       0 |   0.0 |      34 |       0 |   0.0
        D:2 |      29 |       7 |  19.4 |       9 |       3 |  25.0
        D:3 |       2 |       0 |   0.0 |       1 |       0 |   0.0
            +---------+---------+-------+---------+---------+-------
